 Dungeon Crawl Stone Soup version 0.27.0-1-g7a089689b8 (webtiles) character file.

Game seed: 1779549769208681705

163 sobakacece the Chopper (level 5, -5/46 HPs)
             Began as a Minotaur Fighter on Aug 15, 2021.
             Slain by a gnoll (7 damage)
             ... on level 3 of the Dungeon.
             The game lasted 00:01:47 (2754 turns).

sobakacece the Chopper (Minotaur Fighter)           Turns: 2754, Time: 00:01:48

Health: -5/46      AC: 10    Str: 21    XL:     5   Next: 20%
Magic:  4/4        EV:  7    Int:  5    God:
Gold:   139        SH:  9    Dex: 10    Spells: 4/4 levels left

rFire    . . .     SeeInvis .   a - +0 war axe
rCold    . . .     Faith    .   c - +0 kite shield
rNeg     . . .     Spirit   .   b - +0 scale mail
rPois    .         Reflect  .   (helmet restricted)
rElec    .         Harm     .   (no cloak)
rCorr    .         Rampage  .   f - +2 pair of gloves
Will     .....                  (no boots)
Stlth    ..........             k - amulet of magic regeneration
HPRegen  0.15/turn              (no ring)
MPRegen  0.34/turn              (no ring)

@: flying
A: horns 2, retaliatory headbutt
a: no special abilities


You were on level 3 of the Dungeon.
You visited 1 branch of the dungeon, and saw 3 of its levels.

You collected 139 gold pieces.

Inventory:

Hand Weapons
 a - a +0 war axe (weapon)
Armour
 b - a +0 scale mail (worn)
 c - a +0 kite shield (worn)
 f - a +2 pair of gloves (worn)
Jewellery
 k - an amulet of magic regeneration (around neck)
Scrolls
 e - a scroll of noise {unknown}
 g - a scroll of holy word {unknown}
 h - a scroll of acquirement {unknown}
 i - a scroll of magic mapping {unknown}
Potions
 d - a potion of might


   Skills:
 - Level 3.9 Fighting
 + Level 6.2 Axes
 - Level 3.8 Armour
 - Level 3.8 Shields


You had 4 spell levels left.
You didn't know any spells.
Your spell library contained the following spells:

 Spells                   Type           Power      Damage    Failure   Level
 Portal Projectile        Hex/Tloc       0%         N/A       100%        3
 Summon Guardian Golem    Hex/Summ       0%         N/A       100%        3
 Blade Hands              Tmut           0%         N/A       100%        5
 Excruciating Wounds      Necr           0%         N/A       100%        5
 Orb of Destruction       Conj           0%         N/A       100%        7
 Spellforged Servitor     Conj/Summ      0%         N/A       100%        7


Dungeon Overview and Level Annotations

Branches:
Dungeon (3/15)

Altars:

Shops:
D:1 :


Innate Abilities, Weirdness & Mutations

You have a pair of horns on your head.
You reflexively headbutt those who attack you in melee.


Message History

The gnoll is moderately wounded.
You block the gnoll's attack. x3; The gnoll hits you with a +0 flail!
You are too injured to fight recklessly!
You are too injured to fight recklessly!
You are too injured to fight recklessly!
You are too injured to fight recklessly!
You are too injured to fight recklessly!
You are too injured to fight recklessly!
Unknown command.
You are too injured to fight recklessly!
You hit the gnoll. Your headbutt misses the gnoll.
The gnoll is severely wounded.
The gnoll hits you but does no damage. The gnoll barely misses you.
The gnoll hits you with a +0 flail. The gnoll closely misses you.
The gnoll hits you from afar with a +0 spear.
You closely miss the gnoll.
The gnoll is severely wounded.
You hit the goblin.
You kill the goblin!
The gnoll hits you with a +0 flail. You block the gnoll's attack. x2
The gnoll hits you with a +0 flail.
* * * LOW HITPOINT WARNING * * *
You block the gnoll's attack. The gnoll barely misses you.
You furiously retaliate!
You headbutt the gnoll.
Things that are here:
a +0 dagger; a goblin corpse; a quokka corpse You slash the gnoll!
The gnoll is severely wounded.
You hit the gnoll. You barely miss the gnoll.
The gnoll hits you with a +0 flail.
* * * LOW HITPOINT WARNING * * *
The gnoll hits you but does no damage. You block the gnoll's attack.
The gnoll hits you with a +0 flail.
* * * LOW HITPOINT WARNING * * *
The gnoll hits you but does no damage.
It was a potion of flight.
You feel very buoyant.
You fly up into the air.
The gnoll hits you but does no damage. The gnoll hits you with a +0 flail!
You die...

..# ##.#
###..####...###
##..............
##...............
#................
#................
#.......gg.......
#........@g......
#................
#................
#.............####.
#.............##...
#.........#.#.....#
#..................
##............#..#
##.......<.....#


You could see 3 gnolls.

Vanquished Creatures
  An orc priest (D:3)
  4 gnolls
  3 adders
  2 dart slugs (D:1)
  4 orcs (D:3)
  A bat (D:2)
  5 endoplasms
  9 goblins
  6 hobgoblins
  11 jackals
  3 quokkas
  5 ball pythons (D:1)
  A frilled lizard (D:2)
  A rat (D:1)
56 creatures vanquished.

Notes
Turn   | Place    | Note
-------+----------+-------------------------------------------
     0 | D:1      | sobakacece the Minotaur Fighter began the quest for the
                  | Orb.
     0 | D:1      | Reached XP level 1. HP: 19/19 MP: 0/0
   426 | D:1      | Found Esodeyzu's Armour Emporium.
   476 | D:1      | Reached XP level 2. HP: 27/27 MP: 1/1
   531 | D:1      | Reached skill level 3 in Axes
   873 | D:1      | Reached XP level 3. HP: 32/33 MP: 2/2
  1169 | D:1      | Found Ysmieph's Book Shop.
  1255 | D:2      | Reached skill level 4 in Axes
  1510 | D:2      | Reached XP level 4. HP: 40/40 MP: 3/3
  1567 | D:2      | Reached skill level 5 in Axes
  2289 | D:2      | Found a faded altar of an unknown god.
  2508 | D:3      | Reached XP level 5. HP: 18/46 MP: 4/4
  2522 | D:3      | Reached skill level 6 in Axes
  2753 | D:3      | HP: 2/46 [gnoll (3)]
  2754 | D:3      | Slain by a gnoll

Illustrated notes

Levels and vault maps discovered:
D:1:      tarquinn_simple_flora_water_d, layout_loops_corners, serial_shops,
          nicolae_shop_trees, nicolae_lakefront_shop, minmay_misc_feat_alley
D:2:      layout_loops_corners, shapermc_ecumenical_altar_mp_highgroup,
          minmay_door_square
D:3:      layout_rooms, minmay_close_crescents, uniq_crazy_yiuf_cottage

Skill      XL: |  1  2  3  4  5 |
---------------+----------------+-----
Axes           | 3 4 5 6 |  6.2
Fighting       | |  3.9
Armour         | |  3.8
Shields        | |  3.8

Action                   |  1- 3 |  4- 6 || total
-------------------------+-------+-------++-------
Melee: War axe           |    66 |    56 ||   122
       Headbutt          |    10 |    11 ||    21
  Use: Potion            |       |     1 ||     1
Armor: Scale mail        |    31 |    29 ||    60
Dodge: Dodged            |    26 |    22 ||    48
Block: Kite shield       |    22 |    37 ||    59
